 Dungeon Crawl Stone Soup version 0.27.1-15-g792fb953b9 (webtiles) character file.

Game seed: 5080015883477133305

53 pkoi the Insei (level 3, 0/26 HPs)
             Began as a Demonspawn Transmuter on Nov 18, 2021.
             Slain by an orc (4 damage)
             ... on level 2 of the Dungeon on Nov 19, 2021.
             The game lasted 00:02:03 (2207 turns).

pkoi the Insei (Demonspawn Transmuter)              Turns: 2207, Time: 00:02:03

Health: 0/26       AC:  2    Str: 11    XL:     3   Next: 64%
Magic:  6/6        EV: 12    Int: 14    God:
Gold:   32         SH:  0    Dex: 13    Spells: 5/6 levels left

rFire    . . .     SeeInvis .   d - +0 dagger (freeze)
rCold    . . .     Faith    .   (no shield)
rNeg     . . .     Spirit   .   a - +0 robe
rPois    .         Reflect  .   (helmet restricted)
rElec    .         Harm     .   (no cloak)
rCorr    .         Rampage  .   (no gloves)
Will     .....                  (no boots)
Stlth    +.........             (no amulet)
HPRegen  0.08/turn              (no ring)
MPRegen  0.10/turn              (no ring)

@: no status effects
A: antennae 1, talons 1
a: no special abilities


You were on level 2 of the Dungeon.
You visited 1 branch of the dungeon, and saw 3 of its levels.

You collected 32 gold pieces.

Inventory:

Hand Weapons
 b - a +0 whip
 d - a +0 dagger of freezing (weapon)
Armour
 a - a +0 robe (worn)
Scrolls
 c - a scroll of identify {unknown}
 g - a scroll of immolation {unknown}
 h - a scroll of enchant weapon {unknown}
 i - 2 scrolls of amnesia {unknown}
Potions
 e - a potion of invisibility {unknown}
 f - a potion of haste {unknown}
 j - 3 potions of might {unknown}
 k - a potion of degeneration {unknown}


   Skills:
 - Level 1.0 Fighting
 - Level 1.7 Dodging
 + Level 4.2 Unarmed Combat
 - Level 2.0 Spellcasting
 - Level 1.7 Transmutations


You had 5 spell levels left.
You knew the following spells:

 Your Spells              Type           Power      Damage    Failure   Level
a - Beastly Appendage     Tmut           12%        N/A       12%         1

Your spell library contained the following spells:

 Spells                   Type           Power      Damage    Failure   Level
 Wereblood                Tmut           6%         N/A       17%         2
 Spider Form              Tmut/Pois      1%         N/A       45%         3
 Tukima's Dance           Hex            1%         N/A       56%         3
 Ice Form                 Ice/Tmut       3%         N/A       86%         4
 Passage of Golubria      Tloc           N/A        N/A       93%         4
 Yara's Violent Unravell  Hex/Tmut       1%         3d3       99%         5


Dungeon Overview and Level Annotations

Branches:
Dungeon (3/15)

Altars:

Annotations:
D:2 Sigmund


Innate Abilities, Weirdness & Mutations

You have a pair of small antennae on your head.
You have sharp toenails.


Message History

The orc hits you with a +0 club.
* * * LOW HITPOINT WARNING * * *
You barely miss the orc.
The orc is moderately wounded.
The orc closely misses you.
You hit the orc but do no damage. You claw the orc, but do no damage.
The orc is moderately wounded.
The orc barely misses you.
You barely miss the orc. Your kick misses the orc.
The orc is moderately wounded.
The orc misses you.
You closely miss the orc.
The orc is lightly wounded.
The orc barely misses you.
You hit the orc. You freeze the orc. You claw the orc, but do no damage.
The orc is almost dead.
The orc hits you with a +0 club.
* * * LOW HITPOINT WARNING * * *
You hit the orc but do no damage. Your kick misses the orc.
The orc is almost dead.
The orc hits you with a +0 club.
* * * LOW HITPOINT WARNING * * *
You hit the orc but do no damage.
The orc is almost dead.
The orc hits you with a +0 club.
* * * LOW HITPOINT WARNING * * *
You hit the orc but do no damage. You claw the orc, but do no damage.
The orc is almost dead.
The orc hits you with a +0 club.
* * * LOW HITPOINT WARNING * * *
You completely miss the orc.
The orc is almost dead.
The orc closely misses you.
You barely miss the orc.
The orc is almost dead.
The orc barely misses you.
You hit the orc but do no damage. You claw the orc, but do no damage.
The orc is almost dead.
The orc hits you with a +0 club.
You die...

#.# #.####
#.####.##.##
#.........#######
#.####............
####.######## ##.##
#####<.)#####
#........[@.#
#.###...###o# #.#
##.## .# #.# #.# .#
#.#####.####.###...
#........<.........
#.............##....
#.#####.###.....#.#.
#.# .#.#.#


You could see an orc.

Vanquished Creatures
  An orc wizard (D:2)
  A worm (D:2)
  3 ball pythons (D:1)
  3 endoplasms (D:1)
  2 goblins (D:1)
  A hobgoblin (D:1)
  4 jackals (D:1)
  3 bats (D:1)
  A frilled lizard (D:1)
  3 kobolds (D:1)
  A rat (D:1)
23 creatures vanquished.

Notes
Turn   | Place    | Note
-------+----------+-------------------------------------------
     0 | D:1      | pkoi the Demonspawn Transmuter began the quest for the Orb.
     0 | D:1      | Reached XP level 1. HP: 15/15 MP: 3/3
   186 | D:1      | Reached skill level 3 in Unarmed Combat
   505 | D:1      | Gained mutation: You have sharp toenails. [demonic
                  | ancestry]
   505 | D:1      | Reached XP level 2. HP: 5/21 MP: 5/5
  1075 | D:1      | Found a faded altar of an unknown god.
  1374 | D:2      | HP: 1/21 [worm (11)]
  1376 | D:2      | Gained mutation: You have a pair of small antennae on your
                  | head. [demonic ancestry]
  1376 | D:2      | Reached XP level 3. HP: 2/26 MP: 6/6
  1710 | D:2      | Noticed Sigmund
  1990 | D:2      | Reached skill level 4 in Unarmed Combat
  2207 | D:2      | Slain by an orc

Illustrated notes

Levels and vault maps discovered:
D:1:      dpeg_arrival_rooms_b, layout_basic,
          hellmonk_ecumenical_altar_slurped_away
D:2:      layout_loops_ring, basic_altar, kennysheep_cross_bottleneck,
          uniq_sigmund
D:3:      layout_basic, lemuel_crystal_altar, lightli_corner_chamber,
          uniq_grinder

Skill      XL: |  1  2  3 |
---------------+----------+-----
Unarmed Combat | 3 4 |  4.2
Fighting       | |  1.0
Dodging        | |  1.7
Spellcasting   | |  2.0
Transmutations | |  1.7

Action                   || total
-------------------------++-------
Melee: Dagger            ||    85
       Whip              ||     5
       Punch             ||     1
       Kick              ||    21
 Stab: Sleeping          ||     1
Armor: Robe              ||    16
Dodge: Dodged            ||    39
